 Dungeon Crawl Stone Soup version 0.21-a0-297-ga3d34c2 (webtiles) character file.

1740 namelastname112 the Covert (level 8, 0/40 HPs)
             Began as a Felid Wanderer on Sept 28, 2017.
             Was a Follower of Cheibriados.
             Slain by a small abomination (12 damage)
             ... on level 2 of the Abyss.
             The game lasted 00:15:36 (10140 turns).

namelastname112 the Covert (Felid Wanderer)        Turns: 10140, Time: 00:15:36

Health: 0/40       AC:  4    Str:  8    XL:     8   Next: 77%
Magic:  13/13      EV: 25    Int: 18    God:    Cheibriados [*.....]
Gold:   382        SH:  0    Dex: 20    Spells: 7/7 levels left
                                        Lives:  0   Deaths: 2

rFire    + . .     SeeInvis +     - Unarmed
rCold    . . .     Gourm    .   (shield unavailable)
rNeg     . . .     Faith    .   (armour unavailable)
rPois    .         Spirit   .   (helmet unavailable)
rElec    .         Reflect  .   (cloak unavailable)
rCorr    .         Harm     .   (gloves unavailable)
MR       +....                  (boots unavailable)
Stlth    ++........             e - amulet of rage
HPRegen  0.13/turn              v - ring of protection from fire
MPRegen  0.13/turn              (no ring)

@: liquid flames, about to teleport, glowing, slow
A: no armour, no weapons or thrown items, stealth, claws 1, fangs 3, thin
metallic scales 1, see invisible, carnivore 3, speed 1, sense surroundings 1,
shaggy fur 2, slow metabolism 1, subdued magic 1, MP-powered wands, sharp paws
a: Bend Time, Renounce Religion, Evoke Berserk Rage


You were on level 2 of the Abyss.
You worshipped Cheibriados.
Cheibriados was aware of your devotion.
You were not hungry.

You visited 2 branches of the dungeon, and saw 9 of its levels.
You visited the Abyss 1 time.
You also visited: Sewer.

You collected 382 gold pieces.

Inventory:

Jewellery
 e - an amulet of rage (around neck)
 v - a ring of protection from fire (left paw)
Wands
 i - a wand of flame (25/48)
 w - a wand of digging (14/24)
Scrolls
 g - a scroll of fear
 h - 5 scrolls of identify
 k - 4 scrolls of teleportation
 m - 2 scrolls of remove curse
 n - a scroll of recharging
 o - a scroll of blinking
 q - a scroll of immolation {unknown}
 r - 2 scrolls of magic mapping
 s - a scroll of amnesia
 t - a scroll of fog
Potions
 a - 2 potions of haste
 b - 2 potions of heal wounds
 c - 6 potions of lignification
 d - a potion of curing
 j - 2 potions of might
 p - a potion of magic
 u - 3 potions of brilliance
Comestibles
 f - 7 meat rations
 l - 3 royal jellies


   Skills:
 + Level 7.1 Fighting
 + Level 8.2 Dodging
 + Level 9.8 Stealth
 + Level 8.2 Unarmed Combat
 + Level 2.7 Invocations
 - Level 5.7 Evocations


You had 7 spell levels left.
You didn't know any spells.

Dungeon Overview and Level Annotations

Branches:
Dungeon (8/15)             Temple (1/1) D:7
   Lair: D:8-11

Altars:
Ashenzari
Cheibriados
Dithmenos
Elyvilon
Fedhas
Gozag
Hepliaklqana
Kikubaaqudgha
Makhleb
Okawaru
Qazlal
Ru
Sif Muna
Trog
Uskayaw
Vehumet
Wu Jian
Xom
Yredelemnul
Zin
The Shining One

Shops:
D:8 *


Innate Abilities, Weirdness & Mutations

You cannot wear armour.
You are incapable of wielding weapons or throwing items.
Your paws allow you to move quietly. (Stealth)
You have sharp claws.
You have razor-sharp teeth.
You have supernaturally acute eyesight. (SInv)
You are carnivorous and can eat meat at any time.
You cover ground quickly.
You are covered in thick fur. (AC +2)
You have a slow metabolism.
Your sharp claws are effective at attacking unaware monsters.
You are partially covered in thin metallic scales. (AC +2)
You passively map a small area around you.
Your spells are a little easier to cast, but a little less powerful.
You expend magic power (3 MP) to strengthen your wands.


Message History

The small abomination completely misses you.
You take 13 damage, and have 20/40 hp.
MASSIVE DAMAGE!!
A spatial vortex comes into view.
You are covered in liquid flames!
The small abomination completely misses you.
You take 2 damage, and have 18/40 hp.
You are covered in liquid flames!
The small abomination misses you.
You take 1 damage, and have 17/40 hp. 2 spatial vortices come into view.
You are covered in liquid flames!
The spatial vortex moves out of view.
You take 1 damage, and have 16/40 hp.
You are covered in liquid flames!
* * * LOW HITPOINT WARNING * * *
The spatial vortex completely misses you.
The ynoxinul gestures.
The spatial vortex hits you but does no damage.
The small abomination hits you!
You die...

# #.#. #.#...
# #..... ..
..#.. .. #..v
.#.. #.#
#..###... #.
#....#..# #
##@v..#
.#.###x##.##
#.#.#5.#.##v#
#.#.33##..# .#
..###...#... #
#X..#3.##.##.
# #
#.##.#.3###
.#.#.#
.###.##.####
....# #.
#..#.#..#..?.#


You could see 3 spatial vortices, a smoke demon, a ynoxinul, a small abomination
and an ufetubus.

Vanquished Creatures
  A two-headed ogre (D:8)
  Grinder (D:6)
  A hippogriff (D:8)
  Duvessa (D:4)
  An orc warrior (D:7)
  2 ice beasts (D:7)
  2 necrophages
  2 ogres
  A sky beast (D:7)
  A centaur (D:5)
  Blork the orc (D:6)
  3 bullfrogs
  Dowan (D:4)
  A scorpion (D:6)
  6 killer bees (D:5)
  5 crimson imps
  A hound (D:8)
  Crazy Yiuf (D:6)
  A jelly (D:6)
  4 orc priests
  3 bullfrog skeletons
  2 centaur skeletons
  Jessica (D:3)
  Terence (D:3)
  2 iguanas
  4 orc wizards
  10 worker ants
  2 killer bee zombies
  A hound zombie (D:7)
  A worker ant zombie (D:5)
  13 adders
  7 river rats (Sewer)
  A shadow imp (D:6)
  2 oozes
  An adder skeleton (D:8)
  4 worms
  A dart slug (D:2)
  2 leopard geckos
  10 orcs
  4 ball pythons
  12 giant cockroaches
  6 goblins
  7 hobgoblins
  7 jackals
  3 quokkas
  9 bats
  9 frilled lizards
  8 kobolds
  2 quokka skeletons
  12 rats
184 creatures vanquished.

Notes
Turn   | Place    | Note
-------+----------+-------------------------------------------
     0 | D:1      | namelastname112 the Felid Wanderer began the quest for the Orb.
     0 | D:1      | namelastname112 set off with: a potion of haste, a potion of heal wounds, a potion of lignification, a potion of curing, a meat ration
     0 | D:1      | Reached XP level 1. HP: 10/10 MP: 2/2
    59 | D:1      | Reached skill level 3 in Stealth
    60 | D:1      | Reached skill level 1 in Dodging
    90 | D:1      | Reached XP level 2. HP: 14/14 MP: 3/3
   987 | D:2      | Reached XP level 3. HP: 8/17 MP: 4/4
  1237 | D:2      | Found a shimmering altar of Xom.
  1294 | D:2      | Reached skill level 1 in Evocations
  1643 | D:2      | Reached XP level 4. HP: 21/21 MP: 5/5
  2084 | D:3      | Reached skill level 4 in Stealth
  2086 | D:3      | Reached XP level 5. HP: 25/25 MP: 7/7
  2328 | D:3      | Noticed Jessica
  2334 | D:3      | Killed Jessica
  2424 | D:3      | Found a hide-covered altar of Uskayaw.
  2609 | D:3      | Found a glowing drain.
  2679 | Sewer    | Entered a sewer
  2869 | Sewer    | Gained mutation: You are covered in thick fur. (AC +2) [Felid growth]
  2869 | Sewer    | Reached XP level 6. HP: 28/28 MP: 7/9
  3171 | Sewer    | Reached skill level 5 in Stealth
  3337 | D:3      | Noticed Terence
  3339 | D:3      | Killed Terence
  3619 | D:3      | Found a sacrificial altar of Ru.
  3665 | D:3      | Found an opulent altar of Gozag.
  3882 | D:4      | Noticed Duvessa
  3907 | D:4      | Killed Duvessa
  3955 | D:4      | Noticed Dowan
  3969 | D:4      | Killed Dowan
  4259 | D:4      | Found a shattered altar of Ashenzari.
  4518 | D:4      | Reached XP level 7. HP: 19/33 MP: 10/10
  5180 | D:5      | Entered Level 5 of the Dungeon
  5270 | D:5      | Reached skill level 6 in Stealth
  5283 | D:5      | Killed themself with a badly aimed iceblast
  5284 | D:5      | Reached XP level 6. HP: -10/30 MP: 10/10
  5340 | D:5      | Reached skill level 5 in Fighting
  5340 | D:5      | Reached XP level 7. HP: 24/33 MP: 11/11
  5755 | D:5      | Found a basalt altar of Yredelemnul.
  5967 | D:5      | Reached skill level 5 in Dodging
  6392 | D:6      | Reached skill level 7 in Stealth
  6484 | D:6      | Noticed Blork the orc
  6492 | D:6      | Killed Blork the orc
  6505 | D:6      | Reached XP level 8. HP: 37/37 MP: 12/12
  6689 | D:6      | Noticed Grinder
  6700 | D:6      | Killed Grinder
  6700 | D:6      | Reached skill level 5 in Evocations
  6747 | D:6      | Found a runed door.
  6817 | D:6      | Noticed Crazy Yiuf
  6821 | D:6      | Killed Crazy Yiuf
  6909 | D:7      | Reached skill level 8 in Stealth
  7762 | D:7      | Gained mutation: You are partially covered in thin metallic scales. (AC +2) [mutagenic meat]
  7763 | D:7      | Gained mutation: You expend magic power (3 MP) to strengthen your wands. [mutagenic meat]
  7764 | D:7      | Gained mutation: Your spells are a little easier to cast, but a little less powerful. [mutagenic meat]
  7765 | D:7      | Gained mutation: You passively map a small area around you. [mutagenic meat]
  8308 | D:7      | Found a staircase to the Ecumenical Temple.
  8433 | Temple   | Entered the Ecumenical Temple
  8638 | Temple   | Became a worshipper of Cheibriados the Contemplative
  8741 | D:7      | Reached XP level 9. HP: 40/40 MP: 14/14
  9035 | D:8      | Reached skill level 1 in Invocations
  9040 | D:8      | Reached skill level 9 in Stealth
  9425 | D:8      | Found Omoc's General Store.
  9447 | D:8      | Noticed a two-headed ogre
  9452 | D:8      | Killed a two-headed ogre
  9573 | D:8      | Reached * piety under Cheibriados
  9950 | D:8      | Noticed an orc sorcerer
  9952 | D:8      | Noticed a wizard
  9952 | D:8      | Noticed a wizard
  9954 | D:8      | Paralysed by an orc sorcerer for 5 turns
  9959 | D:8      | Noticed a hellwing
  9959 | D:8      | Cast into level 2 of the Abyss (a wizard)
  9959 | Abyss:2  | Found a corrupted altar of Lugonu.
  9978 | Abyss:2  | Noticed a demonic crawler
 10002 | Abyss:2  | Noticed a large abomination
 10027 | Abyss:2  | Mangled by a large abomination
 10028 | Abyss:2  | Reached XP level 8. HP: -6/38 MP: 13/13
 10120 | Abyss:2  | Noticed a small abomination
 10121 | Abyss:2  | Noticed a smoke demon
 10135 | Abyss:2  | Noticed a smoke demon
 10135 | Abyss:2  | Noticed an ancient zyme
 10140 | Abyss:2  | Slain by a small abomination

Vault maps used:
D:1:      dpeg_arrival_rhombus, minmay_fountain_box
D:2:      marbit_many_paths, minmay_tetromino_l2
D:3:      lemuel_crystal_altar, nicolae_overflow_hidden_temple,
          lemuel_round_altar, gup_sewer_entry_glass, serial_bayou_pond_e,
          minmay_tree_intersection, uniq_jessica, uniq_terence
D:4:      ashenzari_conservatory_becter, uniq_duvessa
D:5:      yredelemnul_altar_generic, first_bread
D:6:      uniq_grinder, uniq_blork_the_orc, uniq_crazy_yiuf_cottage
D:7:      temple_fountains
D:8:      cheibrodos_wizards_tower, special_room, serial_shops, shop,
          minmay_misc_feat_plants, grunt_livestock
Temple:   regret_index_temple_generic_petals
Sewer:    sewer_co_cracked_pipes

Skill      XL: |  1  2  3  4  5  6  7  8  9 |
---------------+----------------------------+-----
Stealth        | 3 4 5 7 8 9 |  9.8
Dodging        | 1 2 3 5 6 8 |  8.2
Evocations     | 1 2 3 4 5 |  5.7
Fighting       | 4 5 6 7 |  7.1
Unarmed Combat | 6 7 8 |  8.2
Invocations    | 2 |  2.7

Action                   |  1- 3 |  4- 6 |  7- 9 || total
-------------------------+-------+-------+-------++-------
Melee: Unarmed           |    93 |   192 |   335 ||   620
       Punch             |     2 |     1 |     9 ||    12
       Bite              |     4 |    17 |    25 ||    46
 Abil: Evoke Berserk Rag |     1 |     8 |     9 ||    18
Evoke: Wand              |       |       |     5 ||     5
  Use: Scroll            |       |       |    18 ||    18
       Potion            |       |       |     3 ||     3
 Stab: Sleeping          |     9 |    16 |    30 ||    55
  Eat: Chunk             |     8 |     9 |    30 ||    47
Armor: Skin              |     4 |    12 |    31 ||    47
Dodge: Dodged            |    67 |   135 |   298 ||   500

Table legend:
 A = Spawn XP
 B = Non-spawn XP
 C = Spawn XP percentage of total XP
 D = Spawn monster count
 E = Non-spawn monster count
 F = Spawn count percentage of total count
 G = Total turns spent on level
                    A         B        C        D         E        F      G
               +---------+---------+-------+---------+---------+-------+---------
         Total |       0 |    5533 |   0.0 |       0 |     184 |   0.0 | 10140
               +---------+---------+-------+---------+---------+-------+---------
           D:1 |       0 |      29 |   0.0 |       0 |      18 |   0.0 |   686
           D:2 |       0 |     102 |   0.0 |       0 |      26 |   0.0 |  1588
           D:3 |       0 |     257 |   0.0 |       0 |      30 |   0.0 |   933
           D:4 |       0 |     336 |   0.0 |       0 |      12 |   0.0 |  1361
           D:5 |       0 |     767 |   0.0 |       0 |      18 |   0.0 |  1170
           D:6 |       0 |     795 |   0.0 |       0 |      16 |   0.0 |  1100
           D:7 |       0 |    1149 |   0.0 |       0 |      23 |   0.0 |  1239
           D:8 |       0 |    1979 |   0.0 |       0 |      20 |   0.0 |  1035
         Sewer |       0 |     119 |   0.0 |       0 |      21 |   0.0 |   612
               +---------+---------+-------+---------+---------+-------+---------
